 Dungeon Crawl Stone Soup version 0.22-a0 (webtiles) character file.

69618 shenanigans the Frost Mage (level 15, -1/114 HPs)
             Began as a Barachi Ice Elementalist on Dec 31, 2017.
             Was a High Priest of Okawaru.
             Slain by TySteely's ghost (26 damage)
             ... on level 2 of the Orcish Mines.
             The game lasted 03:26:05 (45269 turns).

shenanigans the Frost Mage (BaIE)                  Turns: 45269, Time: 03:26:06

Health: -1/114     AC: 24    Str: 21    XL:     15   Next: 30%
Magic:  4/30       EV: 18    Int: 19    God:    Okawaru [*****.]
Gold:   1662       SH: 14    Dex: 13    Spells: 23/36 levels left

rFire    x . .     SeeInvis +   a - +4 flail (freeze)
rCold    + . .     Gourm    .   S - +6 buckler "Barasepp" {Str+4 SInv}
rNeg     + + .     Faith    +   P - +1 scale mail {rPois}
rPois    +         Spirit   .   V - +2 hat {MR+}
rElec    .         Reflect  .   e - +0 cloak
rCorr    .         Harm     .   O - +3 pair of gloves of Agoraphobia {*Corrode rN++}
MR       ++...                  (no boots)
Stlth    ++++......             F - amulet of faith
HPRegen  0.29/turn              I - ring of ice
MPRegen  0.22/turn              x - +5 ring of protection

@: mighty, heroism, slow
A: +LOS, swims, slowness 1, strong legs 2
a: Hop, Heroism, Finesse, Renounce Religion


You were on level 2 of the Orcish Mines.
You worshipped Okawaru.
Okawaru was extremely pleased with you.
You were not hungry.

You visited 4 branches of the dungeon, and saw 24 of its levels.
You also visited: Sewer.

You collected 1948 gold pieces.
You spent 286 gold pieces at shops.

Inventory:

Hand Weapons
 a - a +4 flail of freezing (weapon)
 b - a +2 war axe of flaming
 c - a +2 flail of holy wrath
 t - a +0 broad axe
Missiles
 n - 41 tomahawks (quivered)
Armour
 e - a +0 cloak (worn)
 v - a +0 ring mail of fire resistance
 N - a +1 robe of magic resistance
 O - the +3 pair of gloves of Agoraphobia (worn) {*Corrode rN++}
   (You acquired it on level 6 of the Lair of Beasts)

   It greatly protects you from negative energy.
   It may corrode you when you take damage.
 P - a +1 scale mail of poison resistance (worn)
 Q - the +4 scale mail "Juranu" {Dex+4}
   (Okawaru gifted it to you on level 2 of the Lair of Beasts)

   It affects your dexterity (+4).
 S - the +6 buckler "Barasepp" (worn) {Str+4 SInv}
   (Okawaru gifted it to you on level 11 of the Dungeon)

   It affects your strength (+4).
   It lets you see invisible.
 T - a +0 large shield of reflection
 V - a +2 hat of magic resistance (worn)
Jewellery
 g - an uncursed ring of stealth
 x - a +5 ring of protection (right hand)
 y - an uncursed ring of poison resistance
 B - an uncursed ring of fire
 D - a +3 ring of evasion
 F - an amulet of faith (around neck)
 G - an uncursed ring of magical power
 I - a ring of ice (left hand)
 J - an uncursed ring of protection from magic
 K - an uncursed ring of protection from fire
 Y - an uncursed ring of positive energy
Wands
 h - a wand of paralysis (1)
 j - a wand of clouds (7)
 C - a wand of flame (63)
 R - a wand of acid (4)
Scrolls
 f - 4 scrolls of amnesia
 i - 2 scrolls of identify
 k - 4 scrolls of enchant weapon
 u - 10 scrolls of enchant armour
 E - 2 scrolls of fog
 U - 7 scrolls of remove curse
Potions
 d - 2 potions of lignification
 l - 9 potions of flight
 o - a potion of resistance
 p - 6 potions of brilliance
 s - a potion of mutation
 w - 8 potions of curing
 z - a potion of invisibility
 M - 4 potions of cancellation
 W - a potion of berserk rage
 X - a potion of ambrosia
Miscellaneous
 m - a lamp of fire (inert)
 H - a phial of floods (inert)
Comestibles
 q - 24 rations


   Skills:
 + Level 9.5(14.5) Fighting
 + Level 9.0(14.0) Armour
 + Level 9.1(14.1) Dodging
 + Level 8.3(13.3) Stealth
 * Level 10.5(15.5) Shields
 * Level 11.2 Spellcasting
 * Level 11.9 Conjurations
 - Level 3.4 Summonings
 * Level 13.0 Ice Magic
 - Level 4.6 Invocations


You had 23 spell levels left.
You knew the following spells:

 Your Spells              Type           Power        Failure   Level  Hunger
a - Freeze                Ice            ####         1%          1    None
b - Throw Frost           Conj/Ice       ######       1%          2    None
c - Throw Icicle          Conj/Ice       ######..     1%          4    ##.....
d - Summon Ice Beast      Ice/Summ       ######..     4%          4    ##.....
e - Blink                 Tloc           N/A          21%         2    None


Dungeon Overview and Level Annotations

Branches:
Dungeon (15/15)            Temple (1/1) D:5            Lair (6/6) D:8
  Swamp (0/4) Lair:2       Spider (0/4) Lair:4        Slime (0/5) Lair:5
    Orc (2/2) D:10            Elf (0/3) Orc:2        Vaults (0/5) D:13
 Depths (0/5) D:15

Altars:
Ashenzari
Cheibriados
Dithmenos
Elyvilon
Fedhas
Gozag
Hepliaklqana
Kikubaaqudgha
Makhleb
Nemelex Xobeh
Okawaru
Qazlal
Ru
Sif Muna
Trog
Uskayaw
Vehumet
Wu Jian
Xom
Yredelemnul
Zin
The Shining One
Jiyva

Shops:
D:9 *   D:10 ([   Orc:2 *!

Annotations:
D:7 1 runed door
D:11 1 transporter
Lair:1 Harold
Orc:2 TySteely's ghost, journeyman MfGl


Innate Abilities, Weirdness & Mutations

Shadows flee at your approach. (+LOS)
You can swim through water.
You cover ground slowly.
You can hop long distances.


Message History

TySteely's ghost resists.
Your ice beast closely misses TySteely's ghost.
TySteely's ghost barely misses your ice beast.
Your ice beast closely misses TySteely's ghost.
You barely miss TySteely's ghost.
TySteely's ghost is heavily damaged.
Your ice beast completely misses TySteely's ghost. x2
You miss TySteely's ghost.
TySteely's ghost is heavily damaged.
Your hands slow down.
Your ice beast completely misses TySteely's ghost.
TySteely's ghost hits you!
* * * LOW HITPOINT WARNING * * *
Unknown command.
You miss TySteely's ghost.
TySteely's ghost is heavily damaged.
Your ice beast completely misses TySteely's ghost.
Your ice beast closely misses TySteely's ghost.
TySteely's ghost hits you!!
You die...

##...............................
####.###...............#.........
.######..........................
..## #...........................
#.∩###...........................
....###..........................
#.∩## #..........................
..## #..........................
.#### ##.......Y@..........[.....
###.## ##......WY................
##...###.......Y............[.)..
#...#.###.##.#................<..
........#######..................
#........# ##.................
.........## ##.....#..........
..........# ###.#..........[....
.......#.## ##............#......


You could see TySteely's ghost and 3 friendly ice beasts.

Vanquished Creatures
  Gastronok (D:11)
  Frances (D:12)
  An ettin (Orc:2)
  Snorg (D:12)
  A hydra (D:14)
  A catoblepas (D:13)
  8 two-headed ogres
  4 centaur warriors
  2 death yaks (Lair:6)
  An orc high priest (Orc:1)
  An unseen horror (D:12)
  A wizard (D:15)
  A wolf spider zombie (D:15)
  2 orc knights
  10 ugly things (D:14)
  An orc sorcerer (Orc:1)
  A deep elf mage (D:15)
  5 cyclopes
  2 manticores
  4 elephants
  A black mamba (Lair:5)
  2 centaur zombies
  A torpor snail (Lair:4)
  5 spiny frogs
  2 centaur skeletons
  3 kobold demonologists (D:15)
  2 rime drakes (Lair:6)
  3 yaktaurs (D:15)
  6 komodo dragons
  2 polar bears
  A hornet (Lair:6)
  3 trolls
  Prince Ribbit (D:6)
  6 slime creatures (D:14)
  5 hippogriffs
  10 blink frogs
  A tarantella (shapeshifter) (D:13)
  2 wyverns
  8 humans (D:13)
  A shadow (D:14)
  2 redbacks (Lair:4)
  2 basilisks
  14 yaks
  Grum (D:9)
  8 vampire mosquitoes
  A hungry ghost (D:12)
  An insubstantial wisp (Lair:3)
  Edmund (D:6)
  6 water moccasins
  2 hell hounds
  Duvessa (D:6)
  An acid dragon (D:11)
  4 porcupines
  15 orc warriors
  2 sky beasts (D:10)
  Purgy (Sewer)
  3 black bears
  2 necrophages
  6 wolves
  An eye of draining (D:15)
  3 ogres
  6 centaurs
  A big kobold (D:13)
  7 crocodiles
  25 bullfrogs
  3 gnoll sergeants
  A wyvern zombie (D:14)
  Dowan (D:6)
  4 scorpions
  4 wights (D:6)
  12 killer bees
  The ghost of Gnarshwangle the Caller, a weakling HOSu (D:3)
  2 howler monkeys (D:9)
  8 crimson imps
  3 bullfrog zombies
  8 orc priests
  A bullfrog skeleton (D:10)
  7 hounds
  3 jellies
  16 orc wizards
  Crazy Yiuf (D:2)
  A gnoll shaman (D:5)
  4 iguanas
  Natasha (thrice) (D:2)
  10 worker ants
  4 hell rats
  2 hound zombies (D:5)
  A hound skeleton (D:4)
  2 howler monkey zombies
  3 worker ant zombies
  15 adders
  20 gnolls
  3 shadow imps
  An ooze (D:1)
  2 adder zombies
  2 adder skeletons
  4 worms
  3 dart slugs
  9 leopard geckos
  53 orcs
  11 bats
  10 giant cockroaches
  7 goblins
  11 hobgoblins
  3 jackals (D:2)
  4 kobolds
  2 quokkas
  4 ball pythons
  5 frilled lizards
  A jackal skeleton (D:5)
  2 leopard gecko skeletons
  2 leopard gecko zombies (D:5)
  2 quokka skeletons
  7 rats
  A fungus (Lair:1)
519 creatures vanquished.

Vanquished Creatures (collateral kills)
  Kirke (Lair:6)
  A dire elephant (Lair:6)
  2 hydras
  An ogre mage (D:15)
  A merfolk avatar (Lair:6)
  A centaur warrior (D:13)
  2 death yaks (Lair:6)
  5 two-headed ogres
  Urug (D:13)
  Sonja (D:13)
  A sea snake (Lair:6)
  A wolf spider zombie (D:13)
  2 ugly things (D:14)
  A cyclops (Orc:2)
  2 manticores
  6 elephants
  2 black mambas
  5 spiny frogs
  A centaur skeleton (D:15)
  3 gargoyles
  4 rime drakes
  An efreet (D:14)
  A yaktaur (D:15)
  A kobold demonologist (D:12)
  A red devil (Orc:2)
  7 komodo dragons
  A wind drake (Lair:6)
  A troll (Orc:1)
  4 blink frogs
  A polar bear (Lair:6)
  6 slime creatures
  3 hippogriffs
  A shadow (D:15)
  7 humans (D:13)
  A wyvern (Lair:6)
  4 yaks
  A chaos spawn (Orc:2)
  5 vampire mosquitoes
  A warg (Orc:1)
  An acid dragon (D:13)
  9 water moccasins
  2 porcupines
  9 orc warriors
  A black bear (Lair:3)
  5 ogres
  7 centaurs
  A wolf (Lair:4)
  6 crocodiles
  4 bullfrogs
  A gnoll sergeant (D:13)
  A wyvern zombie (D:12)
  A scorpion (D:14)
  2 electric eels (Lair:2)
  2 orc wizards (Orc:1)
  11 orc priests
  A jelly (D:15)
  A hell rat (Lair:6)
  2 worker ants
  8 gnolls
  15 orcs
  5 kobolds
  A fungus (Lair:6)
  A plant (Lair:4)
188 creatures vanquished.

Vanquished Creatures (others)
  An unseen horror (D:12)
  A centaur zombie (D:14)
  3 humans (Lair:6)
  A vampire mosquito (Lair:3)
  A water moccasin (Lair:6)
  A hell rat (Lair:6)
  10 fungi
  25 plants
43 creatures vanquished.

Grand Total: 750 creatures vanquished

Notes
Turn   | Place    | Note
-------+----------+-------------------------------------------
     0 | D:1      | shenanigans the Barachi Ice Elementalist began the quest for the Orb.
     0 | D:1      | Reached XP level 1. HP: 13/13 MP: 3/3
   220 | D:1      | Reached XP level 2. HP: 19/20 MP: 3/5
   386 | D:1      | Reached skill level 1 in Fighting
   825 | D:1      | Reached XP level 3. HP: 26/26 MP: 4/6
  1152 | D:2      | Reached skill level 4 in Ice Magic
  1183 | D:2      | Noticed Natasha
  1318 | D:2      | Killed Natasha
  1364 | D:2      | Noticed Natasha
  1457 | D:2      | Killed Natasha
  1457 | D:2      | Reached XP level 4. HP: 23/33 MP: 3/8
  1618 | D:2      | Learned a level 2 spell: Throw Frost
  1825 | D:2      | Noticed Natasha
  1835 | D:2      | Killed Natasha
  1835 | D:2      | Reached XP level 5. HP: 26/38 MP: 3/9
  2401 | D:2      | Found a runed door.
  2410 | D:2      | Noticed Crazy Yiuf
  2417 | D:2      | Killed Crazy Yiuf
  2417 | D:2      | Reached skill level 1 in Shields
  2560 | D:3      | Noticed Gnarshwangle's ghost (weakling HOSu)
  2903 | D:3      | Killed Gnarshwangle's ghost
  2903 | D:3      | Reached XP level 6. HP: 34/46 MP: 7/10
  3522 | D:3      | Learned a level 4 spell: Throw Icicle
  3527 | D:3      | Learned a level 4 spell: Summon Ice Beast
  3579 | D:4      | Found a sacrificial altar of Ru.
  3705 | D:4      | Found a glowing drain.
  3721 | Sewer    | Entered a sewer
  3762 | Sewer    | Noticed Purgy
  3914 | Sewer    | Killed Purgy
  4369 | D:4      | Found a shimmering altar of Xom.
  4369 | D:4      | Found a shimmering altar of Xom.
  4370 | D:4      | Found a shimmering altar of Xom.
  4371 | D:4      | Found a shimmering altar of Xom.
  4371 | D:4      | Found a shimmering altar of Xom.
  4379 | D:4      | Found a shimmering altar of Xom.
  4379 | D:4      | Found a shimmering altar of Xom.
  4397 | D:4      | Reached XP level 7. HP: 51/51 MP: 1/12
  4425 | D:5      | Entered Level 5 of the Dungeon
  5207 | D:4      | Learned a level 2 spell: Blink
  5615 | D:4      | Reached skill level 5 in Ice Magic
  5826 | D:4      | Found a basalt altar of Yredelemnul.
  5923 | D:5      | Found a staircase to the Ecumenical Temple.
  5946 | Temple   | Entered the Ecumenical Temple
  6070 | Temple   | Became a worshipper of Warmaster Okawaru
  6428 | D:5      | Reached XP level 8. HP: 35/58 MP: 10/14
  6828 | D:5      | Found a hazy altar of Hepliaklqana.
  7309 | D:5      | Found an ornate altar of the Wu Jian Council.
  7652 | D:6      | Reached skill level 1 in Armour
  7652 | D:6      | Reached skill level 1 in Invocations
  7813 | D:6      | Reached * piety under Okawaru
  8567 | D:6      | Found a snail-covered altar of Cheibriados.
  9092 | D:6      | Noticed Duvessa
  9096 | D:6      | Noticed Dowan
  9098 | D:6      | Killed Duvessa
  9098 | D:6      | Reached skill level 1 in Summonings
  9211 | D:6      | Killed Dowan
  9686 | D:6      | Noticed Edmund
  9689 | D:6      | Reached ** piety under Okawaru
  9689 | D:6      | Reached XP level 9. HP: 51/65 MP: 13/16
  9706 | D:6      | Killed Edmund
  9706 | D:6      | Reached skill level 6 in Ice Magic
  9967 | D:6      | Found a hide-covered altar of Uskayaw.
 10189 | D:6      | Reached skill level 5 in Spellcasting
 10559 | D:6      | Noticed Prince Ribbit
 10567 | D:6      | Killed Prince Ribbit
 10567 | D:6      | Reached skill level 5 in Conjurations
 10674 | D:6      | Found a burning altar of Makhleb.
 10674 | D:6      | Noticed a balrug
 11162 | D:7      | Found a runed door.
 11162 | D:7      | Noticed a sixfirhy
 11278 | D:7      | Found a shadowy altar of Dithmenos.
 12029 | D:7      | Found a sparkling altar of Nemelex Xobeh.
 12032 | D:7      | Found an ancient bone altar of Kikubaaqudgha.
 12032 | D:7      | Found a glowing silver altar of Zin.
 12045 | D:7      | Reached *** piety under Okawaru
 12473 | D:6      | Reached skill level 5 in Shields
 13170 | D:8      | Reached XP level 10. HP: 30/73 MP: 14/18
 13535 | D:8      | Reached skill level 5 in Dodging
 13567 | D:8      | Reached skill level 7 in Ice Magic
 14207 | D:8      | Found a staircase to the Lair.
 14472 | D:8      | Noticed a two-headed ogre
 14489 | D:8      | Killed a two-headed ogre
 14489 | D:8      | Reached **** piety under Okawaru
 14489 | D:8      | Reached skill level 5 in Fighting
 15180 | D:9      | Found a radiant altar of Vehumet.
 15496 | D:9      | Found Xuvais's Assorted Antiques.
 15541 | D:9      | Noticed Grum
 15575 | D:9      | Killed Grum
 16153 | D:9      | Reached skill level 8 in Ice Magic
 16434 | D:9      | Got a pitted scythe
 16440 | D:9      | Identified the cursed +1 scythe of Hecriba {elec, rC- Int+4} (You found it on level 9 of the Dungeon)
 16582 | D:9      | Found a glowing golden altar of the Shining One.
 16620 | D:10     | Entered Level 10 of the Dungeon
 16855 | D:10     | Noticed a two-headed ogre
 16861 | D:10     | Killed a two-headed ogre
 16861 | D:10     | Reached ***** piety under Okawaru
 16861 | D:10     | Reached skill level 5 in Stealth
 16861 | D:10     | Reached XP level 11. HP: 80/80 MP: 14/21
 16912 | D:10     | Found Ytaciotont's Weapon Shoppe.
 17003 | D:10     | Found a staircase to the Orcish Mines.
 17032 | D:10     | Found Quhaky's Armour Shoppe.
 17921 | D:11     | Noticed Gastronok
 17933 | D:11     | Killed Gastronok
 17933 | D:11     | Received a gift from Okawaru
 18286 | D:11     | Reached skill level 5 in Armour
 18842 | D:11     | Found a transporter.
 18920 | D:11     | Noticed a two-headed ogre
 18925 | D:11     | Killed a two-headed ogre
 18925 | D:11     | Reached skill level 9 in Ice Magic
 18964 | D:11     | Found a viscous altar of Jiyva.
 19290 | D:11     | Got an encrusted buckler {god gift}
 19311 | D:11     | Identified the +6 buckler "Barasepp" {Str+4 SInv} (Okawaru gifted it to you on level 11 of the Dungeon)
 19447 | D:11     | Found a transporter.
 19699 | Lair:1   | Entered Level 1 of the Lair of Beasts
 20166 | Lair:1   | Noticed a five-headed hydra
 20173 | Lair:1   | Killed a five-headed hydra
 20466 | Lair:1   | Reached XP level 12. HP: 89/89 MP: 10/23
 20844 | Lair:1   | Noticed Harold
 21735 | Lair:2   | Found a bloodstained altar of Trog.
 22205 | Lair:2   | Reached ****** piety under Okawaru
 22210 | Lair:2   | Found a staircase to the Swamp.
 22213 | Lair:2   | Noticed a five-headed hydra
 22217 | Lair:2   | Reached skill level 10 in Ice Magic
 22569 | Lair:2   | Received a gift from Okawaru
 22573 | Lair:2   | Got a spiked scale mail {god gift}
 22680 | Lair:2   | Killed a five-headed hydra
 22919 | Lair:2   | Identified the +4 scale mail "Juranu" {Dex+4} (Okawaru gifted it to you on level 2 of the Lair of Beasts)
 24964 | Lair:4   | Found a hole to the Spider Nest.
 25639 | Lair:5   | Received a gift from Okawaru
 25670 | Lair:5   | Found a staircase to the Slime Pits.
 25677 | Lair:5   | Gained mutation: You can hop long distances. [Barachi growth]
 25677 | Lair:5   | Reached XP level 13. HP: 96/96 MP: 15/26
 26312 | Lair:6   | Entered Level 6 of the Lair of Beasts
 26338 | Lair:6   | Noticed Kirke
 26381 | Lair:6   | Noticed a sphinx
 26383 | Lair:6   | Killed Kirke
 26568 | Lair:6   | Reached skill level 11 in Ice Magic
 26717 | Lair:6   | Reached skill level 10 in Conjurations
 27287 | Lair:5   | Received a gift from Okawaru
 29234 | Lair:6   | Noticed a dire elephant
 29249 | Lair:6   | Killed a dire elephant
 29646 | Lair:6   | Received a gift from Okawaru
 29651 | Lair:6   | Got a steaming quick blade {god gift}
 29672 | Lair:6   | Identified the +2 quick blade "Esyul" {holy, *Slow Dex+4} (Okawaru gifted it to you on level 6 of the Lair of Beasts)
 29929 | Lair:6   | Identified a scroll of acquirement
 29933 | Lair:6   | Got a pair of ichor-stained gloves
 29944 | Lair:6   | Identified the +3 pair of gloves of Agoraphobia {*Corrode rN++} (You acquired it on level 6 of the Lair of Beasts)
 29955 | Lair:6   | Found a hazy altar of Hepliaklqana.
 30408 | Lair:6   | Reached skill level 10 in Spellcasting
 30858 | Orc:1    | Entered Level 1 of the Orcish Mines
 31983 | Orc:2    | Entered Level 2 of the Orcish Mines
 31983 | Orc:2    | Noticed TySteely's ghost (journeyman MfGl)
 32755 | Orc:2    | Reached XP level 14. HP: 106/106 MP: 21/28
 32844 | Orc:2    | Received a gift from Okawaru
 33225 | Orc:2    | Found a staircase to the Elven Halls.
 33863 | Orc:2    | Found Fepeas's Distillery.
 34340 | Orc:2    | Found Obiomiuj's General Store.
 34506 | Orc:2    | Bought a potion of might for 56 gold pieces
 34506 | Orc:2    | Bought a potion of resistance for 140 gold pieces
 34508 | Orc:2    | Bought a scroll of enchant armour for 90 gold pieces
 35366 | D:12     | Received a gift from Okawaru
 35570 | D:12     | Noticed Snorg
 35580 | D:12     | Killed Snorg
 35580 | D:12     | Reached skill level 12 in Ice Magic
 35702 | D:12     | Found a glowing silver altar of Zin.
 35900 | D:12     | Noticed Frances
 35925 | D:12     | Killed Frances
 36609 | D:13     | Found a gate to the Vaults.
 36609 | D:13     | Noticed Urug
 36700 | D:13     | Received a gift from Okawaru
 37092 | D:13     | Noticed Sonja
 37352 | D:13     | Killed Urug
 37723 | D:13     | Received a gift from Okawaru
 37727 | D:13     | Killed Sonja
 39312 | D:14     | Reached skill level 10 in Shields
 39795 | D:14     | Found a bloodstained altar of Trog.
 39896 | D:14     | Received a gift from Okawaru
 40530 | D:14     | Reached XP level 15. HP: 109/113 MP: 29/29
 40650 | D:15     | Entered Level 15 of the Dungeon
 40660 | D:15     | Found a staircase to the Depths.
 40660 | D:15     | Noticed a fire giant
 41170 | D:15     | Found a blossoming altar of Fedhas.
 41388 | D:15     | Found a shadowy altar of Dithmenos.
 43136 | D:15     | Received a gift from Okawaru
 43764 | D:15     | Received a gift from Okawaru
 43764 | D:15     | Reached skill level 13 in Ice Magic
 45269 | Orc:2    | Slain by TySteely's ghost

Vault maps used:
D:1:      nzn_arrival_depleted_hourglass, st_stairs_6
D:2:      first_ration, minmay_pentomino_u2, uniq_natasha,
          uniq_crazy_yiuf_cottage
D:4:      marbit_many_paths, lemuel_crystal_altar, xom_redecorated,
          gup_sewer_entry_bubbles
D:5:      lemuel_doored_altar, minmay_temple_entry_junction, basic_altar,
          serial_undead, serial_undead_b, serial_undead_a, serial_undead_f,
          serial_undead_d, serial_undead_e
D:6:      kennysheep_slug_shrine, overflow_temple_1_default,
          makhleb_altar_promises_db, uniq_duvessa, uniq_edmund,
          uniq_prince_ribbit1
D:7:      cheibrodos_shockbox, chequers_temple_overflow_statue_of_worship
D:8:      minmay_lair_entry_lava
D:9:      lemuel_coloured_pillars_altar, vehumet_altar_wand_db, serial_shops,
          nicolae_shop_overgrown_old_shop, uniq_grum
D:10:     orc_david_3
D:11:     gammafunk_jiyva_shrine, grunt_ogre_cave, kennysheep_generic_room_5,
          uniq_gastronok
D:12:     basic_altar, fungi_pond_lemuel, corexii_checkpoint_a, uniq_snorg,
          uniq_frances
D:13:     david_vaults_3, uniq_sonja
D:14:     lemuel_round_altar
D:15:     grunt_enter_depths_giant_problem, fedhas_altar_fruit_tree,
          lab_entry_generic, hangedman_decor_clover_reticule,
          grunt_dithmenos_smoke
Temple:   kb_temple_of_zot
Lair:1:   uniq_harold
Lair:2:   minmay_swamp_entry_swarm, basic_altar, lemuel_fruit_fields,
          serial_bayou_shore_a
Lair:3:   pond
Lair:4:   spider_nest_entry_webs, bh_autumn_forest_stairs
Lair:5:   minmay_slime_entry_pillars
Lair:6:   gammafunk_lair_ancient_temple, basic_altar, uniq_kirke
Orc:2:    pf_orc_diabolical
Sewer:    sewer_co_purgy_island

Skill      XL: |  1  2  3  4  5  6  7  8  9 10 11 12 13 14 15 |
---------------+----------------------------------------------+-----
Stealth        | 2 3 4 5 6 7 8 |  8.3
Fighting       | 1 2 3 4 5 6 7 8 9 |  9.5
Ice Magic      | 4 5 6 8 9 10 11 12 13 | 13.0
Dodging        | 3 4 5 6 7 8 9 |  9.1
Spellcasting   | 3 4 5 6 7 9 10 11 | 11.2
Shields        | 1 2 3 4 5 6 7 8 10 | 10.5
Conjurations   | 2 3 4 5 7 8 9 10 11 | 11.9
Armour         | 1 3 4 5 6 7 8 9 |  9.0
Invocations    | 2 3 4 |  4.6
Summonings     | 1 3 |  3.4

Action                   |  1- 3 |  4- 6 |  7- 9 | 10-12 | 13-15 || total
-------------------------+-------+-------+-------+-------+-------++-------
Melee: Short sword       |     2 |       |       |       |       ||     2
       Unarmed           |     1 |       |       |       |       ||     1
       Dagger            |    12 |     8 |       |       |       ||    20
       Quarterstaff      |       |    90 |    44 |       |       ||   134
       Hand axe          |       |       |   123 |       |       ||   123
       Flail             |       |       |    97 |   473 |   930 ||  1500
Throw: Tomahawk          |       |       |     2 |     1 |     6 ||     9
 Cast: Freeze            |    37 |    37 |    85 |     1 |       ||   160
       Throw Frost       |       |    23 |    24 |    13 |    18 ||    78
       Throw Icicle      |       |     5 |    77 |   109 |    99 ||   290
       Summon Ice Beast  |       |       |     2 |    41 |   286 ||   329
Invok: Heroism           |       |       |     5 |    13 |    42 ||    60
       Finesse           |       |       |       |       |     1 ||     1
 Abil: Hop               |       |     2 |     7 |    11 |    24 ||    44
Evoke: Wand              |       |       |    14 |    36 |    25 ||    75
       Phial of floods   |       |       |       |     1 |     2 ||     3
       Lamp of fire      |       |       |       |     1 |     2 ||     3
  Use: Scroll            |       |     7 |     6 |    16 |    17 ||    46
       Potion            |       |       |     1 |     4 |    15 ||    20
 Stab: Sleeping          |     3 |     7 |     6 |     1 |     1 ||    18
       Paralysed         |       |     3 |     2 |    16 |       ||    21
       Confused          |       |     1 |       |       |       ||     1
       Distracted        |       |     1 |       |     3 |     8 ||    12
  Eat: Chunk             |     2 |    13 |    25 |    36 |    42 ||   118
       Ration            |       |       |     6 |     7 |    15 ||    28
Armor: Robe              |    18 |    28 |    53 |    94 |       ||   193
       Skin              |       |       |     7 |    20 |    32 ||    59
       Ring mail         |       |       |       |    35 |   197 ||   232
       Scale mail        |       |       |       |       |   163 ||   163
Dodge: Dodged            |    32 |    70 |   224 |   322 |   635 ||  1283
Block: Buckler           |       |       |    62 |   269 |   815 ||  1146

Table legend:
 A = Spawn XP
 B = Non-spawn XP
 C = Spawn XP percentage of total XP
 D = Spawn monster count
 E = Non-spawn monster count
 F = Spawn count percentage of total count
 G = Total turns spent on level
                    A         B        C        D         E        F      G
               +---------+---------+-------+---------+---------+-------+---------
         Total |       0 |   99455 |   0.0 |       0 |     706 |   0.0 | 45269
               +---------+---------+-------+---------+---------+-------+---------
           D:1 |       0 |      36 |   0.0 |       0 |      19 |   0.0 |  1297
           D:2 |       0 |     214 |   0.0 |       0 |      17 |   0.0 |  1318
           D:3 |       0 |     143 |   0.0 |       0 |      27 |   0.0 |   938
           D:4 |       0 |     382 |   0.0 |       0 |      24 |   0.0 |  1281
           D:5 |       0 |     563 |   0.0 |       0 |      37 |   0.0 |  2564
           D:6 |       0 |    1745 |   0.0 |       0 |      31 |   0.0 |  3730
           D:7 |       0 |    1069 |   0.0 |       0 |      30 |   0.0 |  1329
           D:8 |       0 |    3016 |   0.0 |       0 |      36 |   0.0 |  2139
           D:9 |       0 |    1260 |   0.0 |       0 |      22 |   0.0 |  1479
          D:10 |       0 |    2019 |   0.0 |       0 |      18 |   0.0 |  1524
          D:11 |       0 |    4492 |   0.0 |       0 |      22 |   0.0 |  1920
          D:12 |       0 |    6805 |   0.0 |       0 |      33 |   0.0 |  1475
          D:13 |       0 |    9197 |   0.0 |       0 |      59 |   0.0 |  1575
          D:14 |       0 |   12372 |   0.0 |       0 |      35 |   0.0 |  3380
          D:15 |       0 |   12922 |   0.0 |       0 |      45 |   0.0 |  2561
        Lair:1 |       0 |    7040 |   0.0 |       0 |      33 |   0.0 |  2249
        Lair:2 |       0 |    2375 |   0.0 |       0 |      17 |   0.0 |  1101
        Lair:3 |       0 |    2244 |   0.0 |       0 |      20 |   0.0 |  1401
        Lair:4 |       0 |    4827 |   0.0 |       0 |      24 |   0.0 |  1284
        Lair:5 |       0 |    5028 |   0.0 |       0 |      25 |   0.0 |  2257
        Lair:6 |       0 |   15468 |   0.0 |       0 |      56 |   0.0 |  2799
         Orc:1 |       0 |    1917 |   0.0 |       0 |      19 |   0.0 |  2936
         Orc:2 |       0 |    4180 |   0.0 |       0 |      50 |   0.0 |  2103
         Sewer |       0 |     141 |   0.0 |       0 |       7 |   0.0 |   476
               +---------+---------+-------+---------+---------+-------+---------
